cohdb
Replays
Latest Replays
All Replays
Popular Replays
Top Player Replays
Match Explorer
How It Works
Community
CoH3 Stats
Reddit
Sign in to upload your games and track your stats! →
Sign in with Steam
Match 43704838
Unlisted
Match 43704838
Overview
Messages
Build Orders
End
Construct Infanterie Kompanie
Pioneer Squad
Grenadier Squad
Selects Breakthrough Battlegroup
Grenadier Squad
Grenadier Squad
Grenadier Squad
Infanterie Officer Quarters
GrW 34 Mortar Team
Construct Luftwaffe Kompanie
Jäger Squad
Jäger Squad
Luftwaffe Officer Quarters
Medical Bunker
Jäger Squad
Selects Assault Grenadiers
Selects Breakthrough
Selects Rapid Production
Selects Blitzkrieg
Construct Panzer Kompanie
Panzer IV Medium Tank
Jäger Squad
Selects Tiger Heavy Tank
Pioneer Squad
Tiger Heavy Tank
Jäger Squad
Jäger Squad
Selects Incendiary Bombing Run
Panzer IV Medium Tank
MG 42 Bunker
Incendiary Bombing Run
Pioneer Squad
Strategos
woof_raff
0
0
Comments
sign in to comment!
No comments posted yet!